 Dungeon Crawl Stone Soup version 0.30-a0-462-gd5975efbca (webtiles) character file.

Game seed: 14979124518856894893

415 ytrimaz the Magician (level 7, -7/45 HPs)
             Began as a Djinni Fire Elementalist on Dec 16, 2022.
             Mangled by Duvessa
             ... wielding a +2 short sword of freezing
              (13 damage)
             ... on level 4 of the Dungeon.
             The game lasted 00:03:53 (3222 turns).

ytrimaz the Magician (Djinni Fire Elementalist)     Turns: 3222, Time: 00:03:54

Health: -7/45      AC:  3    Str:  7    XL:     7   Next: 15%
Gold:   134        EV: 12    Int: 19    God:
                   SH:  0    Dex: 13

rFire   + + .      SeeInvis .    (no weapon)
rCold   x . .      Faith    .    (no shield)
rNeg    . . .      Spirit   .    a - +0 robe
rPois   ∞          Reflect  .    (no helmet)
rElec   .          Harm     .    (no cloak)
rCorr   .          Rampage  .    g - +0 pair of gloves
Will    .....                    (boots unavailable)
Stlth   ++........               (no amulet)
HPRegen 0.27/turn                (no ring)
MPRegen 0.00/turn                (no ring)

@: flying, hasted, very quick
A: sickness immunity, fire resistance 2, cold vulnerability 1, float, innate
caster, HP casting, extra vitality 1
a: no special abilities


You were on level 4 of the Dungeon.
You visited 1 branch of the dungeon, and saw 4 of its levels.

You collected 134 gold pieces.


Innate Abilities, Weirdness & Mutations

You are immune to sickness and miasma.
You are immune to poison.
Your flesh is very heat resistant. (rF++)
You are vulnerable to cold. (rC-)
You float through the air rather than walking.
You learn spells naturally, not from books.
Your magical power is your life essence.
You have superior vitality. (+4 MHP)


   Skills:
 - Level 2.1 Dodging
 - Level 1.5 Stealth
 + Level 5.8 Spellcasting


You couldn't memorise any spells.
You knew the following spells:

 Your Spells              Type           Power      Damage    Failure   Level
a - Foxfire               Conj/Fire      100%       2x1d9     1%          1
b - Scorch                Fire           54%        2d7       1%          2
c - Kindle Blastsparks    Fire/Tloc/Air  54%        2d14      3%          3
d - Inner Flame           Hex/Fire       27%        N/A       3%          3
e - Flame Wave            Conj/Fire      27%        2d9       11%         4
f - Summon Small Mammal   Summ           100%       N/A       1%          1
g - Poisonous Vapours     Pois/Air       54%        N/A       1%          2
h - Searing Ray           Conj           54%        2d6       1%          2
Your spell library was empty.

Inventory:

Armour
 a - a +0 robe (worn)
 g - a +0 pair of gloves (worn)
   (You found it on level 2 of the Dungeon)
Jewellery
 c - a ring of ice
   (You found it on level 1 of the Dungeon)
Wands
 m - a wand of light (4)
   (You took it off Dowan on level 4 of the Dungeon)
Scrolls
 d - 2 scrolls of teleportation
 e - 2 scrolls of poison
 i - 3 scrolls of amnesia
 l - a scroll of blinking
Potions
 b - a potion of brilliance
 f - 3 potions of mutation {unknown}
 h - a potion of resistance {unknown}
 j - a potion of haste
 k - a potion of ambrosia {unknown}

Dungeon Overview and Level Annotations

Branches:
Dungeon (4/15) Zot: 20775
 Temple: D:4-7

Altars:
Makhleb

Annotations:
D:4 Duvessa

##### ##...## ##.....##
#..>....# #.......#
#################
#.......###...##..........#
##.....###...@............#
####............e............#
.............................#
...........#.................#
...........##................#
.................##..........#
##
.................##...)#######
#. .................##..#...##
#.
....................##.#..###
#.


You could see Duvessa (berserk).


Message History

You take 3 damage, and now have 33/45 hp.
Unknown command.
Your surroundings suddenly seem different.
Unknown command.
You hear a shout!
You hear a shout!
You hear a shout!
You hear a shout!
You hear a shout!
You hear a shout! x2
You hear a shout!
You hear a shout!
You hear a shout!
You hear a shout!
You hear a shout!
You hear a shout!
m - a wand of light (4);
f - 3 fuming inky potions (gained 1)
Things that are here:
a +0 dagger; a +0 robe You hear a shout! 😎 HP[+12]
Your hp is fully restored (45).
Unknown command.
Unknown command.
Done exploring.
Unknown command.
Done exploring.
Unknown command.
Done exploring.
You hear a shout!
You hear a shout!
Casting: Kindle Blastsparks (dangerous; 3% risk of failure)
Confirm with . or Enter, or press ? or * to list all spells.
A cloud of volatile blastsparks flares up around you!
Duvessa barely misses you. 😕 HP[-3]
You take 3 damage, and now have 42/45 hp.
Unknown command.
The cloud of blastsparks explodes!
The concussive blast engulfs Duvessa!
The concussive blast engulfs you! You resist.
You are knocked back by the blast. 😕 HP[-8]
You take 8 damage, and now have 34/45 hp.
Casting: Kindle Blastsparks (dangerous; 3% risk of failure)
Confirm with . or Enter, or press ? or * to list all spells.
A cloud of volatile blastsparks flares up around you!
Duvessa rages.
Duvessa completely misses you. 😮 HP[-3]
You take 3 damage, and now have 31/45 hp.
Unknown command.
The cloud of blastsparks explodes!
The concussive blast engulfs Duvessa.
The concussive blast engulfs you. You resist.
You are knocked back by the blast. 😮 HP[-3]
You take 3 damage, and now have 28/45 hp.
Casting: Kindle Blastsparks (dangerous; 3% risk of failure)
Confirm with . or Enter, or press ? or * to list all spells.
A cloud of volatile blastsparks flares up around you!
Duvessa misses you. 😮 HP[-3]
You take 3 damage, and now have 25/45 hp.
Unknown command.
Duvessa attacks as you move away!
Duvessa hits you with a +2 short sword of freezing.
* * * LOW HITPOINT WARNING * * *
Duvessa freezes you.
* * * LOW HITPOINT WARNING * * *
The cloud of blastsparks explodes!
The concussive blast engulfs Duvessa!
The concussive blast engulfs you but does no damage.
You resist.
You are knocked back by the blast. 😨 HP[-5]
You take 5 damage, and now have 20/45 hp.
Casting: Kindle Blastsparks (dangerous; 3% risk of failure)
Confirm with . or Enter, or press ? or * to list all spells.
A cloud of volatile blastsparks flares up around you!
* * * LOW HITPOINT WARNING * * *
Duvessa rages.
Duvessa completely misses you. 😨 HP[-3]
You take 3 damage, and now have 17/45 hp.
Unknown command.
Duvessa attacks as you move away!
Duvessa hits you with a +2 short sword of freezing.
* * * LOW HITPOINT WARNING * * *
Duvessa freezes you.
* * * LOW HITPOINT WARNING * * *
The cloud of blastsparks explodes!
The concussive blast engulfs Duvessa but does no damage.
The concussive blast engulfs you. You resist.
* * * LOW HITPOINT WARNING * * *
You are knocked back by the blast. 😱 HP[-11]
You take 11 damage, and now have 6/45 hp.
MASSIVE DAMAGE!! (PAUSE) Unknown command.
You feel yourself speed up.
Duvessa hits you with a +2 short sword of freezing!
You die...

Skill      XL: |  1  2  3  4  5 |
---------------+----------------+-----
Spellcasting   | 3 4 5 |  5.8
Dodging        | |  2.1
Stealth        | |  1.5

Action                   |  1- 3 |  4- 6 |  7- 9 || total
-------------------------+-------+-------+-------++-------
Melee: Unarmed           |     2 |       |       ||     2
 Cast: Foxfire           |   122 |    40 |    12 ||   174
       Kindle Blastspark |     2 |     3 |     5 ||    10
       Poisonous Vapours |       |     2 |       ||     2
  Use: Scroll            |    10 |       |     1 ||    11
       Potion            |       |       |     1 ||     1
Armor: Robe              |     2 |     3 |       ||     5
Dodge: Dodged            |     9 |     5 |     4 ||    18

Levels and vault maps discovered:
D:1:      onia_arrival_pyramid, layout_loops_cross
D:2:      layout_loops_ring, basic_altar
D:3:      layout_loops_ring, bloody_makhleb
D:4:      layout_rooms, minivault_14, uniq_duvessa, uniq_sigmund

Notes
Turn   | Place    | Note
-------+----------+-------------------------------------------
     0 | D:1      | ytrimaz the Djinni Fire Elementalist began the quest for
                  | the Orb.
     0 | D:1      | ytrimaz set off with the following spells memorised:
                  | Foxfire, Scorch, Kindle Blastsparks, Inner Flame, Flame
                  | Wave.
     0 | D:1      | Reached XP level 1. HP: 15/15 MP: 0/0
     0 | D:1      | magus.rc [v1.9.6]
    99 | D:1      | Reached XP level 2. HP: 17/21 MP: 0/0
   483 | D:1      | Reached skill level 3 in Spellcasting
  1082 | D:2      | Reached XP level 3. HP: 23/25 MP: 0/0
  1082 | D:2      | Learned a level 1 spell: Summon Small Mammal
  2197 | D:3      | Found a burning altar of Makhleb.
  2397 | D:4      | Noticed a black bear
  2406 | D:4      | Killed a black bear
  2407 | D:4      | Reached skill level 4 in Spellcasting
  2407 | D:4      | Reached XP level 4. HP: 21/31 MP: 0/0
  2407 | D:4      | Reached XP level 5. HP: 24/35 MP: 0/0
  2407 | D:4      | Learned a level 2 spell: Poisonous Vapours
  2482 | D:4      | Noticed Sigmund
  2490 | D:4      | Killed Sigmund
  2491 | D:4      | Reached skill level 5 in Spellcasting
  2491 | D:4      | Reached XP level 6. HP: 36/40 MP: 0/0
  2562 | D:4      | Noticed Dowan
  2578 | D:4      | Noticed Duvessa
  2918 | D:4      | Reached XP level 7. HP: 42/45 MP: 0/0
  2918 | D:4      | Learned a level 2 spell: Searing Ray
  3140 | D:4      | Killed Dowan
  3220 | D:4      | HP: 11/45 [Duvessa/+2 short sword of freezing (3)]
  3222 | D:4      | Mangled by Duvessa

Vanquished Creatures
  Sigmund (D:4)
  A black bear (D:4)
  Dowan (D:4)
  An orc priest (D:4)
  2 adders (D:4)
  2 ufetubi
  A dart slug (D:1)
  6 orcs
  6 ball pythons
  6 endoplasms
  6 goblins
  3 hobgoblins
  6 jackals
  5 kobolds
  4 rats
51 creatures vanquished.

Vanquished Creatures (others)
  258 foxfires
258 creatures vanquished.

Grand Total: 309 creatures vanquished

Table legend:
 A = Non-vault XP
 B = Vault XP
 C = Vault XP percentage of total XP
 D = Non-vault monster count
 E = Vault monster count
 F = Vault count percentage of total count
                 A         B        C        D         E       F
            +---------+---------+-------+---------+---------+-------
      Total |     294 |     300 |  50.5 |      49 |       2 |   3.9
            +---------+---------+-------+---------+---------+-------
        D:1 |      24 |       0 |   0.0 |      13 |       0 |   0.0
        D:2 |       7 |       0 |   0.0 |       4 |       0 |   0.0
        D:3 |      34 |       0 |   0.0 |      13 |       0 |   0.0
        D:4 |     229 |     300 |  56.7 |      19 |       2 |   9.5
            +---------+---------+-------+---------+---------+-------

Illustrated notes

Table legend:
 A = Kills in this place as a percentage of kills in entire the game.
 B = Kills by you in this place as a percentage of kills by you in the entire game.
 C = Kills by friends in this place as a percentage of kills by friends in the entire game.
 D = Other kills in this place as a percentage of other kills in the entire game.
 E = Experience gained in this place as a percentage of experience gained in the entire game.
 F = Experience gained in this place divided by the number of levels of this place that you have seen.
                   A       B       C       D       E      F
               +-------+-------+-------+-------+-------+----------------------
         Total | 100.0 | 100.0 |   N/A |   N/A | 100.0 | 148.5
       Dungeon | 100.0 | 100.0 |   N/A |   N/A | 100.0 | 148.5
               +-------+-------+-------+-------+-------+----------------------

Table legend: (Time is in decaauts)
 A = Elapsed time spent in this place.
 B = Non-inter-level travel time spent in this place.
 C = Inter-level travel time spent in this place.
 D = Time resting spent in this place.
 E = Time spent auto-exploring this place.
 F = Levels seen in this place.
 G = Mean time per level.
                   A        B        C        D        E       F      G
               +--------+--------+--------+--------+--------+-----+--------+
         Total |   3223 |   3053 |    170 |     41 |   2535 |   4 |  805.8 |
       Dungeon |   3223 |   3053 |    170 |     41 |   2535 |   4 |  805.8 |
               +--------+--------+--------+--------+--------+-----+--------+

Top non-repeatable levels by time:
     D:3: 1110 daAuts
     D:1: 788 daAuts
     D:4: 702 daAuts
     D:2: 621 daAuts
